 Dungeon Crawl Stone Soup version 0.20.1-1-g8b1a95d (webtiles) character file.

2155 Hurrycane the Nimble (level 9, 0/54 HPs)
             Began as a Tengu Air Elementalist on July 12, 2017.
             Was a Believer of Okawaru.
             Succumbed to rezek's ghost's poison
             ... on level 8 of the Dungeon.
             The game lasted 00:29:20 (9796 turns).

Hurrycane the Nimble (Tengu Air Elementalist)       Turns: 9796, Time: 00:29:20

Health: 0/54       AC:  8    Str: 10 (11) XL:     9   Next: 31%
Magic:  2/22       EV: 15    Int: 20 (21) God:    Okawaru [**....]
Gold:   324        SH:  3    Dex: 11 (14) Spells: 1/12 levels left

rFire    . . .     SeeInvis .   k - +1 war axe
rCold    . . .     Gourm    .   (no shield)
rNeg     . . .     Faith    .   j - +0 leather armour
rPois    .         Spirit   .   u - +1 hat
rElec    .         Reflect  +   (no cloak)
rCorr    .         Harm     .   n - +2 pair of gloves
MR       .....                  (boots unavailable)
Stlth    ++........             t - +3 amulet of reflection
Regen    0.2/turn               w - +4 ring of intelligence
MPRegen  0.2/turn               m - ring of magical power

@: lethally poisoned (0 -> -43), sluggish, very slow
A: beak, talons 3, clever 1, clumsy 1, shaggy fur 1, evolution 1, subdued magic
1, MP-powered wands, able to fly 1
a: Fly, Heroism, Renounce Religion


You were on level 8 of the Dungeon.
You worshipped Okawaru.
Okawaru was pleased with you.
You were not hungry.

You visited 2 branches of the dungeon, and saw 9 of its levels.

You collected 324 gold pieces.

Inventory:

Hand Weapons
 k - a +1 war axe (weapon)
 x - a +0 hunting sling of freezing
Missiles
 e - 2 needles of frenzy
 f - 25 poisoned needles
 r - 51 sling bullets
 A - 65 stones (quivered)
Armour
 a - a +0 robe
 j - a +0 leather armour (worn)
 n - a +2 pair of gloves (worn)
 u - a +1 hat (worn)
Magical Staves
 B - an uncursed staff of fire
Jewellery
 m - a ring of magical power (right hand)
 t - a +3 amulet of reflection (around neck)
 w - a +4 ring of intelligence (left hand)
 C - an uncursed ring of protection from cold
Wands
 g - a wand of random effects (23/48)
Scrolls
 p - 2 scrolls of teleportation
 s - 3 scrolls of remove curse
 v - 2 scrolls of fog
 z - a scroll of identify
 E - a scroll of magic mapping
Potions
 c - a potion of degeneration
 l - a potion of flight
Books
 b - a book of Air

   Spells                             Type                      Level
   a - Shock                          Conjuration/Air              1
   b - Swiftness                      Charms/Air                   2
   c - Static Discharge               Conjuration/Air              3
   d - Airstrike                      Air                          4
   e - Lightning Bolt                 Conjuration/Air              5
 d - a book of Battle

   Spells                             Type                      Level
   a - Infusion                       Charms                       1
   b - Shroud of Golubria             Charms/Translocation         2
   c - Song of Slaying                Charms                       2
   d - Spectral Weapon                Hexes/Charms                 3
   e - Regeneration                   Charms/Necromancy            3
 y - a book of Maledictions

   Spells                             Type                      Level
   a - Corona                         Hexes                        1
   b - Ensorcelled Hibernation        Hexes/Ice                    2
   c - Confuse                        Hexes                        3
   d - Tukima's Dance                 Hexes                        3
   e - Dazzling Spray                 Conjuration/Hexes            3
Comestibles
 h - a meat ration
 o - 4 bread rations


   Skills:
 + Level 5.4 Fighting
 - Level 5.1 Axes
 * Level 5.2 Armour
 * Level 8.3 Dodging
 - Level 2.0 Stealth
 - Level 2.3 Spellcasting
 - Level 2.4 Conjurations
 - Level 4.9 Air Magic


You had one spell level left.
You knew the following spells:

 Your Spells              Type           Power        Failure   Level  Hunger
a - Shock                 Conj/Air       ##..         3%          1    #......
b - Swiftness             Chrm/Air       #.......     9%          2    ##.....
c - Corona                Hex            #......      17%         1    #......
d - Dazzling Spray        Conj/Hex       #.....       30%         3    ###....
e - Airstrike             Air            ###.......   22%         4    #####..


Dungeon Overview and Level Annotations

Branches:
Dungeon (8/15)             Temple (1/1) D:6
   Lair: D:8-11

Altars:
Ashenzari
Cheibriados
Dithmenos
Elyvilon
Fedhas
Gozag
Hepliaklqana
Kikubaaqudgha
Makhleb
Nemelex Xobeh
Okawaru
Qazlal
Ru
Trog
Vehumet
Xom
Yredelemnul
Zin
The Shining One

Annotations:
D:2 1 runed door
D:7 Zleub's ghost, novice MfSk
D:8 Erica; rezek's ghost, novice KoBe


Innate Abilities, Weirdness & Mutations

You have a beak for a mouth.
You have claws for feet.
You can fly.
Your mind is acute. (Int +2)
You are clumsy. (Dex -2)
You are covered in fur. (AC +1)
You evolve.
Your spells are a little easier to cast, but a little less powerful.
You expend magic power (3 MP) to strengthen your wands.


Message History

The zap hits rezek's ghost.
Rezek's ghost is almost destroyed.
The zap hits the necrophage.
The necrophage is lightly damaged.
* * * LOW HITPOINT WARNING * * *
You feel very sick.
Rezek's ghost hits you but does no damage.
You are more poisoned.
* * * LOW HITPOINT WARNING * * *
You feel very sick. Rezek's ghost hits you.
* * * LOW HITPOINT WARNING * * *
You are more poisoned.
You closely miss rezek's ghost.
Rezek's ghost is almost destroyed.
* * * LOW HITPOINT WARNING * * *
You feel very sick.
You slash the necrophage!
The necrophage is heavily damaged.
You die...

.......#
...>...#
.......c
.......# .....#
...# #.#
#.###########.##
#.#
#......@nW.....#
#.#
#############..#
#.# #..# #.#
#..# ###.#
#..###...###
#...........
######.#....
#.#..#. .......


You could see a necrophage and rezek's ghost.

Vanquished Creatures
  A wyvern (D:7)
  3 sky beasts (D:6)
  An ice beast (D:5)
  A black bear (D:6)
  2 ogres (D:7)
  7 bullfrogs
  2 scorpions
  3 wights (D:6)
  2 crimson imps (D:5)
  2 centaur zombies (D:6)
  A bullfrog zombie (D:5)
  A hound (D:5)
  3 orc wizards
  A bullfrog skeleton (D:5)
  2 iguanas
  4 worker ants
  A killer bee zombie (D:5)
  A hound skeleton (D:6)
  Robin (D:2)
  6 adders
  A howler monkey skeleton (D:7)
  A shadow imp (D:4)
  3 oozes
  4 worms
  2 dart slugs
  6 leopard geckos
  16 orcs
  4 bats
  5 giant cockroaches
  13 goblins
  14 hobgoblins
  17 jackals
  2 quokkas
  A ball python (D:4)
  4 frilled lizards (D:3)
  10 kobolds
  A leopard gecko skeleton (D:4)
  9 rats
158 creatures vanquished.

Vanquished Creatures (others)
  A kobold (D:3)
1 creature vanquished.

Grand Total: 159 creatures vanquished

Notes
Turn   | Place    | Note
-------+----------+-------------------------------------------
     0 | D:1      | Hurrycane the Tengu Air Elementalist began the quest for the Orb.
     0 | D:1      | Reached XP level 1. HP: 10/10 MP: 4/4
   737 | D:1      | Reached XP level 2. HP: 16/16 MP: 4/6
   810 | D:1      | Learned a level 2 spell: Swiftness
   984 | D:1      | Reached skill level 1 in Fighting
  1350 | D:1      | Reached XP level 3. HP: 21/21 MP: 7/7
  1819 | D:2      | Found a hazy altar of Hepliaklqana.
  1823 | D:2      | Noticed Robin
  2279 | D:1      | Reached XP level 4. HP: 21/28 MP: 8/8
  2692 | D:2      | Killed Robin
  2814 | D:2      | Found a runed door.
  3300 | D:3      | Reached skill level 1 in Axes
  3300 | D:3      | Gained mutation: You can fly. [Tengu growth]
  3300 | D:3      | Reached XP level 5. HP: 29/32 MP: 5/9
  3660 | D:3      | Found a faded altar of an unknown god.
  4340 | D:3      | Learned a level 1 spell: Corona
  4344 | D:3      | Learned a level 3 spell: Dazzling Spray
  4488 | D:4      | Found a glowing golden altar of the Shining One.
  4621 | D:4      | Found a stormy altar of Qazlal.
  4768 | D:5      | Entered Level 5 of the Dungeon
  4826 | D:5      | Found a shattered altar of Ashenzari.
  5153 | D:4      | Gained mutation: You are covered in fur. (AC +1) [potion of mutation]
  5160 | D:4      | Reached XP level 6. HP: 21/37 MP: 7/10
  5415 | D:4      | Noticed a phantom
  5772 | D:5      | Found a white marble altar of Elyvilon.
  5879 | D:5      | Noticed an ice beast
  5896 | D:5      | Killed an ice beast
  5896 | D:5      | Reached skill level 5 in Axes
  5896 | D:5      | Reached XP level 7. HP: 25/41 MP: 9/11
  6261 | D:5      | Found a burning altar of Makhleb.
  6262 | D:5      | Noticed a green death
  6292 | D:5      | Reached skill level 3 in Dodging
  6308 | D:5      | Reached skill level 1 in Armour
  7000 | D:6      | Reached skill level 4 in Dodging
  7701 | D:6      | Reached XP level 8. HP: 47/48 MP: 12/12
  7711 | D:6      | Found a staircase to the Ecumenical Temple.
  7720 | Temple   | Entered the Ecumenical Temple
  7821 | Temple   | Became a worshipper of Warmaster Okawaru
  7898 | D:6      | Reached skill level 5 in Dodging
  8168 | D:7      | Noticed Zleub's ghost (novice MfSk)
  8448 | D:6      | Learned a level 4 spell: Airstrike
  8527 | D:6      | Reached * piety under Okawaru
  8527 | D:6      | Reached skill level 6 in Dodging
  8532 | D:6      | Gained mutation: You evolve. [mutagenic meat]
  8533 | D:6      | Gained mutation: Your spells are a little easier to cast, but a little less powerful. [mutagenic meat]
  8534 | D:6      | Gained mutation: You expend magic power (3 MP) to strengthen your wands. [mutagenic meat]
  8535 | D:6      | Gained mutation: You are clumsy. (Dex -2) [mutagenic meat]
  8773 | D:6      | Gained mutation: Your spells are easier to cast, but less powerful. [mutagenic meat]
  8774 | D:6      | Gained mutation: Your mind is acute. (Int +2) [mutagenic meat]
  8775 | D:6      | Lost mutation: Your spells are easier to cast, but less powerful. [mutagenic meat]
  8956 | D:6      | Reached skill level 5 in Fighting
  8956 | D:6      | Reached skill level 7 in Dodging
  8963 | D:6      | Reached XP level 9. HP: 44/54 MP: 2/13
  9202 | D:6      | Reached skill level 5 in Armour
  9469 | D:7      | Reached ** piety under Okawaru
  9469 | D:7      | Reached skill level 8 in Dodging
  9658 | D:7      | Noticed a hornet
  9743 | D:8      | Noticed Erica
  9771 | D:8      | Noticed rezek's ghost (novice KoBe)
  9796 | D:8      | Succumbed to rezek's ghost's poison

Skill      XL: |  1  2  3  4  5  6  7  8  9 |
---------------+----------------------------+-----
Fighting       | 1 3 4 5 |  5.4
Axes           | 1 2 5 |  5.1
Conjurations   | 2 |  2.4
Dodging        | 4 7 8 |  8.3
Armour         | 3 4 5 |  5.2
Stealth        | |  2.0
Spellcasting   | |  2.3
Air Magic      | |  4.9

Action                   |  1- 3 |  4- 6 |  7- 9 || total
-------------------------+-------+-------+-------++-------
Melee: Dagger            |    54 |       |       ||    54
       Kick              |    17 |    53 |    45 ||   115
       Peck              |    11 |    38 |    13 ||    62
       Hand axe          |    27 |    91 |       ||   118
       War axe           |       |   109 |   192 ||   301
 Cast: Shock             |    16 |    13 |    30 ||    59
       Swiftness         |     5 |    14 |    13 ||    32
       Airstrike         |       |       |    21 ||    21
       Dazzling Spray    |       |       |     1 ||     1
  Use: Scroll            |     3 |    12 |     9 ||    24
       Potion            |       |     5 |    10 ||    15
 Stab: Sleeping          |     4 |     1 |       ||     5
       Invisible         |       |       |     1 ||     1
  Eat: Royal jelly       |     1 |     1 |     1 ||     3
       Chunk             |     3 |     5 |    14 ||    22
       Bread ration      |       |     1 |       ||     1
       Fruit             |       |     1 |       ||     1
       Meat ration       |       |       |     3 ||     3
Armor: Robe              |    15 |    60 |    11 ||    86
       Leather armour    |       |       |    50 ||    50
Dodge: Dodged            |    57 |   172 |   164 ||   393
Block: Other             |       |    30 |    32 ||    62
       Reflection        |       |     1 |       ||     1
